 Dungeon Crawl Stone Soup version 0.26-a0-606-g3c8f2f65f7 (webtiles) character file.

Game seed: 8119519143585972509

16 Hastur the Skirmisher (level 2, -3/24 HPs)
             Began as a Demonspawn Monk on Sept 2, 2020.
             Slain by a kobold
             ... wielding a +0 short sword
              (4 damage)
             ... on level 1 of the Dungeon.
             The game lasted 00:01:29 (639 turns).

Hastur the Skirmisher (Demonspawn Monk)              Turns: 639, Time: 00:01:30

Health: -3/24      AC:  2    Str: 11    XL:     2   Next: 41%
Magic:  2/2        EV: 13    Int: 11    God:
Gold:   12         SH:  0    Dex: 15    Spells: 1/1 levels left

rFire    . . .     SeeInvis .   d - +0 dagger
rCold    . . .     Faith    .   (no shield)
rNeg     . . .     Spirit   .   b - +0 robe
rPois    .         Reflect  .   (no helmet)
rElec    .         Harm     .   (no cloak)
rCorr    .                      (no gloves)
MR       .....                  (no boots)
Stlth    ++........             (no amulet)
HPRegen  0.08/turn              (no ring)
MPRegen  0.08/turn              (no ring)

@: no status effects
A: hooves 1
a: no special abilities


You were on level 1 of the Dungeon.
You visited 1 branch of the dungeon, and saw 1 of its levels.

You collected 12 gold pieces.

Inventory:

Hand Weapons
 a - a +0 short sword
 d - a +0 dagger (weapon)
   (You took it off a kobold on level 1 of the Dungeon)
Missiles
 c - 35 stones (quivered)
Armour
 b - a +0 robe (worn)
Scrolls
 e - a scroll of remove curse {unknown}


   Skills:
 + Level 3.4 Fighting
 - Level 2.6 Short Blades
 + Level 3.1 Dodging
 - Level 1.7 Stealth


You had one spell level left.
You didn't know any spells.
Your spell library was empty.

Dungeon Overview and Level Annotations

Branches:
Dungeon (1/15)

Altars:


Innate Abilities, Weirdness & Mutations

You have large cloven feet.


Message History

You hit the jackal. Your kick misses the jackal.
The jackal bites you but does no damage.
You hit the jackal but do no damage. The jackal bites you.
You hit the jackal.
You kill the jackal!
The bat barely misses you.
You hit the bat but do no damage. The bat closely misses you.
You hit the bat. The bat barely misses you. The bat hits you.
You hit the bat.
You kill the bat!
You hit the jackal. Your kick misses the jackal. The jackal bites you.
You hit the jackal but do no damage. Your kick misses the jackal.
The jackal bites you. x2
You hit the jackal but do no damage. You kick the jackal, but do no damage.
The jackal barely misses you.
You hit the jackal.
You kill the jackal!
The kobold throws a stone.
The stone barely misses you.
The kobold hits you with a +0 short sword.
* * * LOW HITPOINT WARNING * * *
Things that are here:
a stone; a jackal corpse You are too injured to fight recklessly!
You are too injured to fight recklessly!
You are too injured to fight recklessly!
You are too injured to fight recklessly!
You hit the kobold but do no damage. You kick the kobold.
The kobold hits you with a +0 short sword.
* * * LOW HITPOINT WARNING * * *
You hit the kobold but do no damage.
The kobold hits you with a +0 short sword.
* * * LOW HITPOINT WARNING * * *
You completely miss the kobold. You kick the kobold, but do no damage.
The kobold hits you with a +0 short sword.
* * * LOW HITPOINT WARNING * * *
The kobold throws a stone.
The stone barely misses you.
You aren't carrying any potions.
Throwing (i - inventory)
c - 36 stones (quivered)
Aim: a kobold, wielding a +0 short sword and quivering 3 stones (moderately wounded)
You throw a stone.
The stone hits the kobold but does no damage.
The kobold throws a stone.
The stone hits you but does no damage. The kobold closely misses you.
Things that are here:
a stone; a jackal corpse Unknown command.
You hit the kobold. You kick the kobold, but do no damage. You miss the kobold.
The kobold hits you with a +0 short sword.
You die...

#.......#.#.# ##.####
#.......#.#.# ..h....
#.####..#.#.## .......#####
#.#........)). .....h.#...#
#.#.....#.#.## .......#...#
#.###.#.#.#.## ....>..#..>#
#.........#.#.
.......#...#############.#.#.#.
......)'...'.K@(....(..#.#.#.#.
.......#...###########.#.#.#.#.
......(#...# #.#.#.#.#.
#.....##...# #.#.#.#.#.
#.....################'#'#'#.#.
#.....#.........##.............
#.... #.........##.##.......##.
#.... #.........##.##.......##.
#.........##.##.......##.


You could see a kobold.

Vanquished Creatures
  A leopard gecko (D:1)
  A goblin (D:1)
  2 hobgoblins (D:1)
  4 jackals (D:1)
  A kobold (D:1)
  3 bats (D:1)
  A rat (D:1)
13 creatures vanquished.

Notes
Turn   | Place    | Note
-------+----------+-------------------------------------------
     0 | D:1      | Hastur the Demonspawn Monk began the quest for the Orb.
     0 | D:1      | Reached XP level 1. HP: 18/18 MP: 1/1
   503 | D:1      | Gained mutation: You have large cloven feet. [demonic
                  | ancestry]
   503 | D:1      | Reached XP level 2. HP: 24/24 MP: 2/2
   634 | D:1      | HP: 1/24 [kobold/+0 short sword (3)]
   639 | D:1      | Slain by a kobold

Illustrated notes

Levels and vault maps discovered:
D:1:      dpeg_arrival_three_same_balls, layout_basic

Skill      XL: |  1 |
---------------+----+-----
Dodging        | 3 |  3.1
Fighting       | |  3.4
Short Blades   | |  2.6
Stealth        | |  1.7

Action                   || total
-------------------------++-------
Melee: Dagger            ||    44
       Short sword       ||     3
       Kick              ||     8
Throw: Stone             ||    22
 Stab: Sleeping          ||     1
Armor: Robe              ||     8
Dodge: Dodged            ||    32

Table legend: (Time is in decaauts)
 A = Elapsed time spent in this place.
 B = Non-inter-level travel time spent in this place.
 C = Inter-level travel time spent in this place.
 D = Time resting spent in this place.
 E = Time spent auto-exploring this place.
 F = Levels seen in this place.
 G = Mean time per level.
                   A        B        C        D        E       F      G
               +--------+--------+--------+--------+--------+-----+--------+
         Total |    634 |    634 |      0 |    232 |    252 |   1 |  634.0 |
       Dungeon |    634 |    634 |      0 |    232 |    252 |   1 |  634.0 |
               +--------+--------+--------+--------+--------+-----+--------+

Top non-repeatable levels by time:
     D:1: 634 daAuts
